 Dungeon Crawl Stone Soup version 0.18-a0-731-ga019a5f (webtiles) character file.

151 M4edhros the Sneak (level 5, -8/33 HPs)
             Began as an Octopode Artificer on Dec 9, 2015.
             Mangled by an iguana (12 damage)
             ... on level 4 of the Dungeon.
             The game lasted 00:02:49 (2035 turns).

M4edhros the Sneak (Octopode Artificer)             Turns: 2035, Time: 00:02:50

Health: -8/33      AC:  1    Str: 10    XL:     5   Next: 33%
Magic:  8/8        EV: 12    Int: 20    God:
Gold:   68         SH:  0    Dex: 12    Spells: 0 memorised, 4 levels left

rFire  . . .     SeeInvis .     h - +2 dagger (venom)
rCold  . . .     Clarity  .     (no shield)
rNeg   . . .     SustAt   .     (helmet restricted)
rPois  .         Gourm    .     (no amulet)
rElec  .         Spirit   .     m - ring of ice
rCorr  .         Dismiss  .     q - +4 ring of intelligence
rMut   .         Stasis   .     r - ring of fire
MR     .....                    (no ring)
Stlth  ++++......               (no ring)
                                (no ring)
                                (no ring)
                                (no ring)

@: not resistant to hostile enchantments, stealthy
A: almost no armour, amphibious, 8 rings, constrict 8, camouflage 1, gelatinous
body 1
a: no special abilities


You were on level 4 of the Dungeon.
You were very hungry.

You visited 1 branch of the dungeon, and saw 4 of its levels.

You collected 68 gold pieces.

Inventory:

Hand Weapons
 a - a +0 short sword
 h - a +2 dagger of venom (weapon)
 j - a +0 hunting sling
 t - a +4 blowgun
Missiles
 g - 33 stones (quivered)
 u - 8 poisoned needles
 A - 18 sling bullets
Jewellery
 m - a ring of ice (left tentacle)
 q - a +4 ring of intelligence (right tentacle)
 r - a ring of fire (on tentacle)
Wands
 b - a wand of flame (13)
 c - a wand of enslavement (15)
 d - a wand of random effects (14)
Scrolls
 l - 3 scrolls of remove curse {unknown}
 o - a scroll of random uselessness {unknown}
 v - a scroll of immolation {unknown}
 w - a scroll of enchant armour {unknown}
 x - a scroll of magic mapping {unknown}
 y - a scroll of teleportation {unknown}
Potions
 f - a potion of heal wounds {unknown}
 i - a potion of lignification {unknown}
 s - a potion of agility {unknown}
 z - a potion of curing {unknown}
 B - a potion of ambrosia {unknown}
Comestibles
 e - 3 bread rations
 k - a slice of pizza
 n - a meat ration
 p - a beef jerky


   Skills:
 - Level 1.0 Fighting
 - Level 1.0 Short Blades
 - Level 2.0 Dodging
 + Level 5.1 Stealth
 + Level 5.0 Evocations


You had 4 spell levels left.
You didn't know any spells.

Dungeon Overview and Level Annotations

Branches:
Dungeon (4/15)
 Temple: D:4-7

Altars:

Shops:
D:4 (


Innate Abilities, Weirdness & Mutations

You cannot wear most types of armour.
You are amphibious.
You can wear up to eight rings at the same time.
You can use your tentacles to constrict eight enemies at once.
Your skin changes colour to match your surroundings (Stealth).
Your rubbery body absorbs attacks (AC +1).


Message History

No target in view!
An iguana comes into view.
An iguana is nearby!
An iguana is nearby!
An iguana is nearby!
The iguana hisses angrily.
You closely miss the iguana. Your grab misses the iguana. The iguana bites you!
You hit the iguana. Your grab misses the iguana.
The iguana is lightly wounded.
The iguana bites you!
You closely miss the iguana. You grab the iguana.
The iguana is lightly wounded.
You constrict the iguana, but do no damage.
The iguana bites you!
* * * LOW HITPOINT WARNING * * *
You release your grip on the iguana.
The iguana bites you!
* * * LOW HITPOINT WARNING * * *
The iguana bites you!
You die...

....###.....#.........#..........
###.#.#.....#..............#.....
....##.....###8...8......###.....
....#.#.....#...8......### #.....
....##......#..........##########
............#.............#
...........#.#............#######
..........#.#.#.......##.........
.........#.#.#.#@.....#..........
........#.##.##.#l...............
.......#.###.###.#...............
###...#.## #.# ##.#..............
#..#.## #.# ##.#.............
<#.######.######.#............
...................#..........
##########...##.....####.........
...∩................########..###


You could see an iguana.

Vanquished Creatures
  An orc priest (D:3)
  An orc wizard (D:3)
  A worker ant (D:4)
  An adder (D:4)
  4 worms
  3 giant geckos
  4 orcs (D:3)
  A ball python (D:2)
  A bat (D:1)
  2 goblins
  5 hobgoblins
  8 jackals (D:2)
  2 giant cockroaches (D:2)
  4 giant newts
  6 kobolds
  3 rats
47 creatures vanquished.

Notes
Turn   | Place    | Note
--------------------------------------------------------------
     0 | D:1      | M4edhros the Octopode Artificer began the quest for the Orb.
     0 | D:1      | Reached XP level 1. HP: 13/13 MP: 3/3
    54 | D:1      | Reached XP level 2. HP: 2/18 MP: 4/4
   723 | D:2      | Reached skill level 4 in Evocations
   752 | D:2      | Reached XP level 3. HP: 21/23 MP: 6/6
  1482 | D:3      | Reached XP level 4. HP: 23/28 MP: 7/7
  1550 | D:3      | Reached XP level 5. HP: 33/33 MP: 8/8
  1840 | D:4      | Found Loymop's Antique Weapon Emporium.
  1898 | D:4      | Reached skill level 5 in Stealth
  1898 | D:4      | Reached skill level 5 in Evocations
  2035 | D:4      | Mangled by an iguana

Vault maps used:
D:1:      matt_arrival_diagonals
D:2:      lemuel_blue_sif_altar, serial_glass, glass_columns_b, glass_columns_a
D:3:      lemuel_coloured_pillars_altar, first_bread
D:4:      wad_pebble_path, serial_shops, shop, minmay_misc_feat_hallway

Action                   |  1- 3 |  4- 6 || total
-------------------------+-------+-------++-------
Melee: Short sword       |     7 |       ||     7
       Dagger            |    75 |    11 ||    86
Evoke: Wand              |     1 |     2 ||     3
 Stab: Sleeping          |     2 |     3 ||     5
  Eat: Chunk             |     2 |       ||     2
